 Dungeon Crawl Stone Soup version 0.20.1-1-g8b1a95d (webtiles) character file.

5198 Kzard the Spear-Bearer (level 10, -7/91 HPs)
             Began as a Minotaur Berserker on Aug 14, 2017.
             Was a High Priest of Trog.
             Mangled by a blink frog (10 damage)
             ... on level 1 of the Lair of Beasts.
             The game lasted 00:56:30 (12424 turns).

Kzard the Spear-Bearer (Minotaur Berserker)        Turns: 12424, Time: 00:56:32

Health: -7/91      AC: 15    Str: 26    XL:     10   Next: 34%
Magic:  10/10      EV: 10    Int:  9    God:    Trog [*****.]
Gold:   275        SH:  0    Dex:  9    Spells: 9/9 levels left

rFire    . . .     SeeInvis .   E - -3 halberd (curse)
rCold    . . .     Gourm    .   (shield currently unavailable)
rNeg     . . .     Faith    .   n - +1 plate armour
rPois    .         Spirit   .   (helmet restricted)
rElec    .         Reflect  .   (no cloak)
rCorr    .         Harm     .   (no gloves)
MR       .....                  (no boots)
Stlth    ..........             (no amulet)
Regen    0.3/turn               O - +1 ring of evasion
MPRegen  0.2/turn               u - +5 ring of intelligence

@: lethally poisoned (-7 -> -21), berserk cooldown, slowed, very slow
A: retaliatory headbutt, horns 2
a: Berserk, Trog's Hand, Brothers in Arms, Burn Spellbooks, Renounce Religion


You were on level 1 of the Lair of Beasts.
You worshipped Trog.
Trog was extremely pleased with you.
You were not hungry.

You visited 2 branches of the dungeon, and saw 9 of its levels.

You collected 475 gold pieces.
You spent 200 gold pieces at shops.

Inventory:

Hand Weapons
 a - a +1 spear
 h - a +0 dagger
 l - a +0 hunting sling
 y - a +0 blowgun
 E - a cursed -3 halberd (weapon)
 F - a -1 spear
 Q - a +1 vampiric glaive
Missiles
 g - 314 stones
 v - 114 sling bullets
 z - 18 poisoned needles
 L - 2 poisoned tomahawks (quivered)
Armour
 b - a +0 animal skin
 f - a +0 helmet
 n - a +1 plate armour (worn)
 P - a +0 large shield
Magical Staves
 q - an uncursed staff of death
Jewellery
 c - an uncursed ring of protection from fire
 p - an uncursed ring of stealth
 s - an uncursed ring of protection from cold
 u - a +5 ring of intelligence (right hand)
 D - an uncursed ring of protection from magic
 O - a +1 ring of evasion (left hand)
Wands
 d - a wand of enslavement (7/24)
 j - a wand of flame (0/48)
 K - a wand of lightning (2/15)
 N - a wand of enslavement (14/24)
 S - a wand of paralysis (15/24)
Scrolls
 e - 5 scrolls of teleportation
 k - a scroll of fog
 w - 3 scrolls of amnesia
 B - 5 scrolls of identify
 H - a scroll of enchant armour
 T - a scroll of enchant weapon
Potions
 m - a potion of curing
 o - 2 potions of berserk rage
 t - a potion of might {unknown}
 x - a potion of invisibility {unknown}
 A - 4 potions of heal wounds
 C - a potion of cancellation {unknown}
 G - a potion of haste {unknown}
 R - 2 potions of lignification {unknown}
Books
 M - a book of Power

   Spells                             Type                      Level
   a - Iskenderun's Battlesphere      Conjuration/Charms           5
   b - Venom Bolt                     Conjuration/Poison           5
   c - Bolt of Magma                  Conjuration/Fire/Earth       5
   d - Iron Shot                      Conjuration/Earth            6
   e - Orb of Destruction             Conjuration                  7
   f - Spellforged Servitor           Conjuration/Summoning        7
   Trog disapproves of the use of such an item.
Comestibles
 i - a fruit
 r - a royal jelly
 I - 4 bread rations
 J - 2 meat rations


   Skills:
 + Level 9.0 Fighting
 + Level 11.5 Polearms
 + Level 3.8 Throwing
 + Level 10.2 Armour
 + Level 3.7 Dodging
 + Level 1.1 Stealth
 + Level 2.0 Evocations


You had 9 spell levels left.
You didn't know any spells.

Dungeon Overview and Level Annotations

Branches:
Dungeon (8/15)             Temple (0/1) D:6            Lair (1/6) D:8

Altars:
Ashenzari
Nemelex Xobeh
Yredelemnul

Shops:
D:8 %

Annotations:
Lair:1 Sonja


Innate Abilities, Weirdness & Mutations

You reflexively headbutt those who attack you in melee.
You have a pair of horns on your head.


Message History

* * * LOW HITPOINT WARNING * * *
You are more poisoned.
The blink frog hits you.
* * * LOW HITPOINT WARNING * * *
You miss the blink frog.
The blink frog is heavily wounded.
* * * LOW HITPOINT WARNING * * *
You feel very sick.
Sonja casts a spell.
Sonja blinks!
The blink frog hits you but does no damage.
The blink frog barely misses you. The blink frog hits you!
* * * LOW HITPOINT WARNING * * *
You miss the blink frog.
The blink frog is heavily wounded.
* * * LOW HITPOINT WARNING * * *
You feel very sick. The blink frog misses you.
The blink frog barely misses you. The blink frog hits you!
You die...

,,,,,* *,,,,,,* ,,,,,*
#......# ,,,,,*##*#######
#......#
,,,,.##.##.P#..####......#
,,,,.....................#
,,,,...$.................#
,,,,.....................#
,,,,..........H..........#
,,,,....H....((F@F.K.....##
,,,,...........F.(........#
*##......#######.#.......##
### #.......#
###.......#####.##
*#......# ##..............
#......# #P..............
#......## ##..............
#.......# #..............
#......#* #..............


You could see a hippogriff, 3 blink frogs and Sonja.

Vanquished Creatures
  A spiny frog (Lair:1)
  A troll (D:6)
  A slime creature (D:5)
  A hippogriff (D:8)
  Sigmund (D:3)
  A water moccasin (Lair:1)
  4 orc warriors
  3 ogres
  2 ice beasts
  3 centaurs
  3 crocodiles
  3 big kobolds
  4 bullfrogs
  2 scorpions
  4 wights (D:7)
  A howler monkey (D:4)
  3 crimson imps
  A quasit (D:5)
  A hound (D:8)
  4 jellies (D:5)
  7 orc priests
  11 orc wizards
  A gnoll shaman (D:5)
  2 iguanas
  3 worker ants
  3 bullfrog skeletons
  Natasha (twice) (D:3)
  3 worker ant zombies
  Robin (D:3)
  7 gnolls
  12 adders
  5 shadow imps
  7 oozes
  2 adder skeletons (D:7)
  An adder zombie (D:5)
  4 worms
  3 dart slugs
  3 leopard geckos
  32 orcs
  3 giant cockroaches
  18 goblins
  10 hobgoblins
  10 jackals
  5 quokkas
  7 bats
  6 frilled lizards
  17 kobolds
  2 quokka skeletons
  A quokka zombie (D:5)
  9 rats
  A plant (D:8)
242 creatures vanquished.

Vanquished Creatures (collateral kills)
  The ghost of vomix the Severer, a novice MiBe of Trog (D:7)
  A necrophage (D:6)
  Blork the orc (D:5)
  2 orc priests (D:6)
  An orc wizard (D:6)
  An orc (D:6)
7 creatures vanquished.

Vanquished Creatures (others)
  20 fungi
  11 plants (D:8)
  10 toadstools (D:5)
41 creatures vanquished.

Grand Total: 290 creatures vanquished

Notes
Turn   | Place    | Note
-------+----------+-------------------------------------------
     0 | D:1      | Kzard the Minotaur Berserker began the quest for the Orb.
     0 | D:1      | Reached XP level 1. HP: 19/19 MP: 0/0
   126 | D:1      | Reached skill level 4 in Polearms
   394 | D:1      | Reached XP level 2. HP: 27/27 MP: 1/1
  1586 | D:2      | Found a sparkling altar of Nemelex Xobeh.
  1629 | D:2      | Reached XP level 3. HP: 33/33 MP: 2/2
  1892 | D:2      | Reached ** piety under Trog
  2478 | D:3      | Noticed Natasha
  2498 | D:3      | Killed Natasha
  2498 | D:3      | Reached XP level 4. HP: 9/40 MP: 3/3
  3210 | D:3      | Noticed Robin
  3224 | D:3      | Reached skill level 5 in Polearms
  3226 | D:3      | Killed Robin
  3641 | D:3      | Reached *** piety under Trog
  3641 | D:3      | Reached XP level 5. HP: 36/47 MP: 4/4
  3644 | D:3      | Reached skill level 1 in Throwing
  3789 | D:3      | Noticed Sigmund
  3808 | D:3      | Killed Sigmund
  3808 | D:3      | Reached skill level 6 in Polearms
  3808 | D:3      | Reached XP level 6. HP: 55/55 MP: 5/5
  4438 | D:3      | Noticed Natasha
  4446 | D:3      | Killed Natasha
  4907 | D:3      | Reached skill level 5 in Fighting
  5679 | D:5      | Entered Level 5 of the Dungeon
  5684 | D:5      | Reached XP level 7. HP: 49/61 MP: 6/6
  5697 | D:5      | Reached skill level 5 in Armour
  5855 | D:5      | Reached skill level 7 in Polearms
  5855 | D:5      | Reached skill level 1 in Evocations
  5859 | D:5      | Found a shattered altar of Ashenzari.
  5927 | D:5      | Noticed Blork the orc
  6082 | D:5      | Reached **** piety under Trog
  6422 | D:5      | Reached XP level 8. HP: 70/70 MP: 8/8
  6459 | D:5      | Reached skill level 8 in Polearms
  6705 | D:5      | Killed Blork the orc
  7019 | D:5      | Noticed a slime creature
  7024 | D:5      | Killed a slime creature
  7024 | D:5      | Reached skill level 9 in Polearms
  7497 | D:6      | Found a staircase to the Ecumenical Temple.
  8337 | D:6      | Noticed a troll
  8340 | D:6      | Reached XP level 9. HP: 78/78 MP: 9/9
  8349 | D:6      | Killed a troll
  8832 | D:7      | Reached ***** piety under Trog
  8919 | D:7      | Reached skill level 10 in Polearms
  9064 | D:7      | Noticed vomix's ghost (novice MiBe)
  9073 | D:7      | Killed vomix's ghost
  9073 | D:7      | Reached skill level 1 in Stealth
  9608 | D:7      | HP: 2/80 [orc warrior/trident (13)]
 10330 | D:7      | Received a gift from Trog
 10977 | D:8      | Reached XP level 10. HP: 82/88 MP: 10/10
 11026 | D:8      | Found Kusiklyerr's Food Emporium.
 11092 | D:8      | Bought a bread ration for 50 gold pieces
 11092 | D:8      | Bought a bread ration for 50 gold pieces
 11092 | D:8      | Bought a bread ration for 50 gold pieces
 11092 | D:8      | Bought a bread ration for 50 gold pieces
 11205 | D:8      | Found a basalt altar of Yredelemnul.
 11249 | D:8      | Found a shattered altar of Ashenzari.
 11334 | D:8      | Reached skill level 11 in Polearms
 11469 | D:8      | Received a gift from Trog
 11500 | D:8      | Found a staircase to the Lair.
 11736 | Lair:1   | Entered Level 1 of the Lair of Beasts
 11751 | Lair:1   | Reached skill level 10 in Armour
 12000 | Lair:1   | Noticed a spiny frog
 12008 | Lair:1   | Killed a spiny frog
 12410 | Lair:1   | Noticed Sonja
 12424 | Lair:1   | HP: 3/91 [poisoned by Sonja]
 12424 | Lair:1   | Mangled by a blink frog

Skill      XL: |  1  2  3  4  5  6  7  8  9 10 |
---------------+-------------------------------+-----
Polearms       | 4 5 6 7 9 10 11 | 11.5
Fighting       | 4 5 6 7 8 9 |  9.0
Armour         | 3 4 6 7 9 10 | 10.2
Throwing       | 1 2 3 |  3.8
Dodging        | 3 |  3.7
Evocations     | 1 2 |  2.0
Stealth        | 1 |  1.1

Action                   |  1- 3 |  4- 6 |  7- 9 | 10-12 || total
-------------------------+-------+-------+-------+-------++-------
Melee: Spear             |    88 |   123 |    61 |       ||   272
       Headbutt          |    12 |    14 |    81 |    22 ||   129
       Halberd           |       |       |   331 |   130 ||   461
Throw: Throwing net      |     5 |       |       |       ||     5
       Stone             |    33 |    25 |    69 |       ||   127
Invok: Berserk           |       |     5 |    13 |     5 ||    23
       Brothers in Arms  |       |       |     3 |       ||     3
Evoke: Wand              |       |    13 |     6 |     2 ||    21
  Use: Scroll            |       |    10 |     4 |     4 ||    18
       Potion            |       |     1 |     1 |     1 ||     3
  Eat: Fruit             |     3 |       |     4 |       ||     7
       Chunk             |     1 |     4 |    12 |     5 ||    22
       Bread ration      |       |     2 |     1 |     1 ||     4
       Meat ration       |       |     1 |     1 |       ||     2
       Royal jelly       |       |     1 |     1 |       ||     2
Armor: Animal skin       |     8 |       |       |       ||     8
       Plate armour      |    30 |    78 |   279 |   105 ||   492
Dodge: Dodged            |    45 |    42 |   185 |    68 ||   340
